 Dungeon Crawl Stone Soup version 0.28-a0-1344-g6b9ff3a05d (webtiles) character file.

Game seed: 954279151409630909

39 Deminshera the Sneak (level 3, -7/16 HPs)
             Began as a Vine Stalker Enchanter on Dec 29, 2021.
             Mangled by a scorpion (8 damage)
             ... on level 2 of the Dungeon.
             The game lasted 00:02:45 (2376 turns).

Deminshera the Sneak (Vine Stalker Enchanter)       Turns: 2376, Time: 00:02:45

Health: -7/16      AC:  2    Str: 10    XL:     3   Next: 45%
Magic:  0/7        EV: 12    Int: 17    God:
Gold:   76         SH:  0    Dex: 14    Spells: 4/6 levels left

rFire   . . .      SeeInvis .   a - +1 dagger
rCold   . . .      Faith    .   (no shield)
rNeg    . . .      Spirit   +   b - +0 robe
rPois   .          Reflect  .   (no helmet)
rElec   .          Harm     .   (no cloak)
rCorr   .          Rampage  .   (no gloves)
Will    .....                   (no boots)
Stlth   +++.......              (no amulet)
HPRegen 0.05/turn               (no ring)
MPRegen 0.10/turn               (no ring)

@: no status effects
A: fangs 2, magic shield, antimagic bite, no potion heal 2
a: no special abilities


You were on level 2 of the Dungeon.
You visited 1 branch of the dungeon, and saw 2 of its levels.

You collected 76 gold pieces.

Inventory:

Hand Weapons
 a - a +1 dagger (weapon)
Armour
 b - a +0 robe (worn)
Wands
 g - a wand of iceblast (8)
Scrolls
 d - a scroll of enchant weapon {unknown}
 e - a scroll of identify {unknown}
Potions
 c - 2 potions of invisibility
 f - a potion of heal wounds {unknown}
 h - a potion of cancellation {unknown}


   Skills:
 - Level 1.0 Short Blades
 - Level 1.6 Dodging
 - Level 5.0 Stealth
 - Level 2.2 Spellcasting
 - Level 3.0 Hexes
 + Level 1.2 Ice Magic


You had 4 spell levels left.
You knew the following spells:

 Your Spells              Type           Power      Damage    Failure   Level
a - Ensorcelled Hibernat  Hex/Ice        18%        N/A       12%         2

Your spell library contained the following spells:

 Spells                   Type           Power      Damage    Failure   Level
 Confusing Touch          Hex            12%        N/A       16%         3
 Tukima's Dance           Hex            12%        N/A       16%         3
 Dazzling Flash           Conj/Hex       14%        N/A       30%         3


Dungeon Overview and Level Annotations

Branches:
Dungeon (2/15)

Altars:


Innate Abilities, Weirdness & Mutations

You have extremely sharp teeth.
When hurt, damage is shared between your health and your magic reserves.
Your bite disrupts and absorbs the magic of your enemies.
Potions cannot restore your health.


Message History

You hit the rat.
You kill the rat!
A scorpion comes into view.
A scorpion is nearby!
An endoplasm comes into view.
A goblin comes into view. It is wielding a +0 dagger.
The goblin shouts!
The endoplasm quivers.
A hobgoblin comes into view. It is wearing an orb of energy.
There is an open door here.
The endoplasm hits you.
You hit the endoplasm but do no damage. The endoplasm barely misses you.
Casting: Ensorcelled Hibernation (safe; 12% risk of failure)
Confirm with . or Enter, or press ? or * to list all spells.
Aiming: Ensorcelled Hibernation (safe; 12% risk of failure)
Press: ? - help, Shift-Dir - straight line, f - endoplasm
Aim: an endoplasm (chance to affect: 61%)
The endoplasm resists with significant effort.
The endoplasm misses you.
You hit the endoplasm.
You bite the endoplasm, but do no damage.
The endoplasm is moderately wounded.
The endoplasm freezes you.
You are frozen.
Casting: Ensorcelled Hibernation (safe; 12% risk of failure)
Confirm with . or Enter, or press ? or * to list all spells.
Aiming: Ensorcelled Hibernation (safe; 12% risk of failure)
Press: ? - help, Shift-Dir - straight line, f/p - endoplasm
Aim: an endoplasm (moderately wounded, chance to affect: 61%)
The endoplasm looks drowsy...
The helpless endoplasm fails to defend itself.
You impale the endoplasm!!
You kill the endoplasm!
The scorpion stings you!
Ouch! That really hurt!
The scorpion stings you.
* * * LOW HITPOINT WARNING * * *
The scorpion stings you!
Ouch! That really hurt!
You die...

###### .....#
.†...#################
.....'....g..>........
.....#.######.##########
.....#(# #g##.....#..
######+######.##@###.#.#
...(....##s#<#.#.#
...........#.#.#.#
.........###.#.#.#
.............#†#.#
..........##.#'#.#
...........#.....#
...........+.....#
........)..#.....###


You could see a scorpion.

Vanquished Creatures
  An adder skeleton (D:2)
  A worm (D:2)
  A dart slug (D:2)
  4 bats
  3 endoplasms
  3 hobgoblins
  2 quokkas (D:1)
  2 ball pythons (D:1)
  4 frilled lizards
  A goblin (D:2)
  3 kobolds
  7 rats
32 creatures vanquished.

Notes
Turn   | Place    | Note
-------+----------+-------------------------------------------
     0 | D:1      | Deminshera the Vine Stalker Enchanter began the quest for
                  | the Orb.
     0 | D:1      | Reached XP level 1. HP: 9/9 MP: 4/4
    14 | D:1      | Found a faded altar of an unknown god.
   115 | D:1      | Reached skill level 1 in Short Blades
   193 | D:1      | Reached skill level 4 in Stealth
   218 | D:1      | Reached XP level 2. HP: 3/13 MP: 1/6
   557 | D:1      | Learned a level 2 spell: Ensorcelled Hibernation
  1778 | D:2      | Reached skill level 5 in Stealth
  1778 | D:2      | Reached XP level 3. HP: 9/16 MP: 4/7
  2045 | D:2      | Reached skill level 1 in Ice Magic
  2343 | D:2      | Noticed a scorpion
  2376 | D:2      | Mangled by a scorpion

Illustrated notes

Levels and vault maps discovered:
D:1:      dpeg_arrival_ratfight, layout_basic, chequers_ecumenical_altar_simple
D:2:      layout_basic, basic_altar, uniq_sigmund

Skill      XL: |  1  2  3 |
---------------+----------+-----
Short Blades   | 1 |  1.0
Stealth        | 4 5 |  5.0
Ice Magic      | 1 |  1.2
Dodging        | |  1.6
Spellcasting   | |  2.2
Hexes          | |  3.0

Action                   || total
-------------------------++-------
Melee: Dagger            ||    62
       Bite              ||     9
 Cast: Ensorcelled Hiber ||    12
 Stab: Sleeping          ||    19
Armor: Robe              ||     3
Dodge: Dodged            ||    32

Table legend: (Time is in decaauts)
 A = Elapsed time spent in this place.
 B = Non-inter-level travel time spent in this place.
 C = Inter-level travel time spent in this place.
 D = Time resting spent in this place.
 E = Time spent auto-exploring this place.
 F = Levels seen in this place.
 G = Mean time per level.
                   A        B        C        D        E       F      G
               +--------+--------+--------+--------+--------+-----+--------+
         Total |   2372 |   2357 |     15 |   1310 |    789 |   2 | 1186.0 |
       Dungeon |   2372 |   2357 |     15 |   1310 |    789 |   2 | 1186.0 |
               +--------+--------+--------+--------+--------+-----+--------+

Top non-repeatable levels by time:
     D:1: 1756 daAuts
     D:2: 616 daAuts
